 Dungeon Crawl Stone Soup version 0.29-a0-214-g17f627cfee (webtiles) character file.

Game seed: 16735971439760619933

1 spaghetti the Sneak (level 1, -1/18 HPs)
             Began as a Mummy Delver on Feb 24, 2022.
             Slain by a killer bee (5 damage)
             ... on level 7 of the Dungeon.
             The game lasted 00:01:02 (487 turns).

spaghetti the Sneak (Mummy Delver)                   Turns: 487, Time: 00:01:02

Health: -1/18      AC:  3    Str: 15    XL:     1   Next: 16%
Magic:  1/1        EV: 11    Int:  9    God:
Gold:   0          SH:  0    Dex: 13    Spells: 0/0 levels left

rFire   x . .      SeeInvis .   a - +0 falchion {long}
rCold   + . .      Faith    .   (no shield)
rNeg    + + +      Spirit   .   b - +0 leather armour
rPois   ∞          Reflect  .   (no helmet)
rElec   .          Harm     .   (no cloak)
rCorr   .          Rampage  .   (no gloves)
Will    .....                   (no boots)
Stlth   ++........              (no amulet)
HPRegen 0.06/turn               (no ring)
MPRegen 0.07/turn               (no ring)

@: no status effects
A: cold resistance 1, negative energy resistance 3, torment resistance 2, heat
vulnerability 1, no potions
a: no special abilities


You were on level 7 of the Dungeon.
You visited 1 branch of the dungeon, and saw 3 of its levels.


Innate Abilities, Weirdness & Mutations

You are immune to poison.
Your flesh is cold resistant. (rC+)
You are immune to negative energy. (rN+++)
You are immune to unholy pain and torment.
You are vulnerable to heat. (rF-)
You do not drink.


   Skills:
 + Level 3.1 Fighting
 - Level 1.5 Long Blades
 - Level 1.5 Dodging
 - Level 4.1 Stealth


You couldn't memorise any spells.
You didn't know any spells.
Your spell library was empty.

Inventory:

Hand Weapons
 a - a +0 falchion (weapon) {long}
Armour
 b - a +0 leather armour (worn)
Wands
 f - a wand of digging (3)
Scrolls
 c - a scroll of fog
 d - a scroll of magic mapping {!r}

Dungeon Overview and Level Annotations

Branches:
Dungeon (7/15)
 Temple: D:4-7

Altars:
Qazlal

#.#.#
#o#y#
#.###.#.#
#.......#
#####.###
#.# #.#
##y##
#@y.#
#........
#...#####
#####


You could see 2 killer bees and an orc.


Message History

You hit the jackal.
You kill the jackal!
You start resting.
An iguana is nearby! 😱 HP[+2]
You regained 2 hp, and now have 4/18 hp.
An iguana is nearby!
Okay, then.
Okay, then.
You can't drink.
You start resting.
An iguana is nearby! 😕 HP[+11]
You regained 11 hp, and now have 15/18 hp. 😕 HP[+1]
(D) Dungeon
Where to? (Enter - D:7, ? - help)
There is a stone staircase leading down here.
You climb downwards.
There is a stone staircase leading up here. 😕 HP[+1] Unknown command.
g - a scroll labelled WEKHLA YJOIPUWN 😎 HP[+1]
Your hp is fully restored (18).
A centaur skeleton comes into view.
As you read the scroll labelled WEKHLA YJOIPUWN, it crumbles to dust.
You feel strangely unstable.
It was a scroll of teleportation.
No target in view!
No target in view!
No target in view!
No target in view!
Your surroundings suddenly seem different.
Unknown command.
Unknown command.
Found a stormy altar of Qazlal.
An orc warrior and 2 orc wizards come into view.
Really walk into that teleport trap?
You enter a teleport trap!
The teleport trap disappears.
Your surroundings suddenly seem different.
Unknown command. 4 killer bees come into view.
The killer bee buzzes angrily. x3
A killer bee comes into view. x2
The killer bee buzzes angrily. x2; You hear a shout! x3
Unknown command.
The killer bee completely misses you. The killer bee stings you. 😕 HP[-4]
You take 4 damage, and now have 14/18 hp.
MASSIVE DAMAGE!! (PAUSE)
You can't drink.
Okay, then.
You barely miss the killer bee. The killer bee stings you.
The killer bee misses you. 😮 HP[-3]
You take 3 damage, and now have 11/18 hp.
You are too injured to fight recklessly!
You are too injured to fight recklessly!
You are too injured to fight recklessly!
You are too injured to fight recklessly!
You are too injured to fight recklessly!
You are too injured to fight recklessly!
You are too injured to fight recklessly!
You are too injured to fight recklessly!
You are too injured to fight recklessly!
You are too injured to fight recklessly!
You are too injured to fight recklessly!
Unknown command.
You barely miss the killer bee. The killer bee barely misses you. x2
You slash the killer bee! The killer bee barely misses you.
The killer bee stings you.
The killer bee barely misses you. 😮 HP[-1]
You take 1 damage, and now have 10/18 hp.
You miss the killer bee.
An orc wizard comes into view. It is wielding a +1 dagger of venom.
The orc wizard shouts!
You hit the killer bee. The killer bee barely misses you. x3
You miss the killer bee. The killer bee stings you.
* * * LOW HITPOINT WARNING * * *
An orc comes into view. It is wielding a +0 war axe.
The killer bee stings you.
* * * LOW HITPOINT WARNING * * *
😱 HP[-6]
You take 6 damage, and now have 4/18 hp.
MASSIVE DAMAGE!! (PAUSE)
As you read the scroll of fear, it crumbles to dust.
You assume a fearsome visage.
The killer bee looks frightened! x6
The orc wizard looks frightened!
The orc looks frightened!
Cornered, the killer bee turns to fight!
An orc comes into view. It is wielding a +0 dagger.
Cornered, the killer bee turns to fight!
The orc wizard casts a spell.
The orc wizard flickers and vanishes!
Deactivating autopickup; reactivate with Ctrl-A.
Unknown command.
You barely miss the killer bee. The killer bee stings you.
You die...

Action                   || total
-------------------------++-------
Melee: Falchion          ||    17
  Use: Scroll            ||     3
Armor: Leather armour    ||     2
Dodge: Dodged            ||    21

Levels and vault maps discovered:
D:5:      gammafunk_steamed_eel, layout_rooms, lemuel_coloured_pillars_altar,
          hangedman_minor_gate_pass
D:6:      layout_basic, minmay_temple_entry_gardened_gates, serial_shops,
          nicolae_shop_window_shopping, serial_park_tiny_2, st_stairs_3,
          uniq_prince_ribbit1
D:7:      layout_loops_corners, lemuel_tele_altar, kennysheep_generic_room_11

Notes
Turn   | Place    | Note
-------+----------+-------------------------------------------
     0 | D:5      | spaghetti the Mummy Delver began the quest for the Orb.
     0 | D:5      | Reached XP level 1. HP: 18/18 MP: 1/1
     0 | D:5      | magus.rc [v1.9.6]
    17 | D:5      | Noticed an ogre
   116 | D:6      | Noticed an iguana
   121 | D:6      | HP: 1/18 [iguana (10)]
   128 | D:5      | Noticed a centaur
   128 | D:5      | Noticed a hound
   457 | D:7      | Found a stormy altar of Qazlal.
   466 | D:7      | Noticed an orc warrior
   466 | D:7      | Noticed an orc wizard
   466 | D:7      | Noticed an orc wizard
   474 | D:7      | Noticed a killer bee
   474 | D:7      | Noticed a killer bee
   474 | D:7      | Noticed a killer bee
   474 | D:7      | Noticed a killer bee
   474 | D:7      | Noticed a killer bee
   474 | D:7      | Noticed a killer bee
   480 | D:7      | Noticed an orc wizard
   482 | D:7      | HP: 4/18 [killer bee (2)]
   487 | D:7      | Slain by a killer bee

Vanquished Creatures
  A jackal (D:6)
1 creature vanquished.

Table legend:
 A = Non-vault XP
 B = Vault XP
 C = Vault XP percentage of total XP
 D = Non-vault monster count
 E = Vault monster count
 F = Vault count percentage of total count
                 A         B        C        D         E       F
            +---------+---------+-------+---------+---------+-------
      Total |       2 |       0 |   0.0 |       1 |       0 |   0.0
            +---------+---------+-------+---------+---------+-------
        D:6 |       2 |       0 |   0.0 |       1 |       0 |   0.0
            +---------+---------+-------+---------+---------+-------

Illustrated notes

Table legend:
 A = Kills in this place as a percentage of kills in entire the game.
 B = Kills by you in this place as a percentage of kills by you in the entire game.
 C = Kills by friends in this place as a percentage of kills by friends in the entire game.
 D = Other kills in this place as a percentage of other kills in the entire game.
 E = Experience gained in this place as a percentage of experience gained in the entire game.
 F = Experience gained in this place divided by the number of levels of this place that you have seen.
                   A       B       C       D       E      F
               +-------+-------+-------+-------+-------+----------------------
         Total | 100.0 | 100.0 |   N/A |   N/A | 100.0 |   0.7
       Dungeon | 100.0 | 100.0 |   N/A |   N/A | 100.0 |   0.7
               +-------+-------+-------+-------+-------+----------------------

Table legend: (Time is in decaauts)
 A = Elapsed time spent in this place.
 B = Non-inter-level travel time spent in this place.
 C = Inter-level travel time spent in this place.
 D = Time resting spent in this place.
 E = Time spent auto-exploring this place.
 F = Levels seen in this place.
 G = Mean time per level.
                   A        B        C        D        E       F      G
               +--------+--------+--------+--------+--------+-----+--------+
         Total |    494 |    473 |     21 |    211 |    165 |   3 |  164.7 |
       Dungeon |    494 |    473 |     21 |    211 |    165 |   3 |  164.7 |
               +--------+--------+--------+--------+--------+-----+--------+

Top non-repeatable levels by time:
     D:6: 344 daAuts
     D:7: 115 daAuts
     D:5: 35 daAuts
